 Dungeon Crawl Stone Soup version 0.27.0-1-g7a089689b8 (webtiles) character file.

Game seed: 18425941346014571914

20 theupmachine the Sneak (level 2, -1/13 HPs)
             Began as a Spriggan Enchanter on Aug 14, 2021.
             Was a Follower of Vehumet.
             Slain by a kobold (3 damage)
             ... on level 1 of the Dungeon.
             The game lasted 00:09:42 (1094 turns).

theupmachine the Sneak (Spriggan Enchanter)         Turns: 1094, Time: 00:09:42

Health: -1/13      AC:  2    Str:  3 (4)  XL:     2   Next: 58%
Magic:  6/6        EV: 17    Int: 15 (16) God:    Vehumet [*.....]
Gold:   20         SH:  0    Dex: 13 (15) Spells: 5/6 levels left

rFire    . . .     SeeInvis +   a - +1 dagger
rCold    . . .     Faith    .   (shield restricted)
rNeg     . . .     Spirit   .   b - +0 robe
rPois    .         Reflect  .   (helmet restricted)
rElec    .         Harm     .   (no cloak)
rCorr    .         Rampage  .   (gloves unavailable)
Will     .....                  (boots unavailable)
Stlth    +++.......             (no amulet)
HPRegen  0.04/turn              (no ring)
MPRegen  0.10/turn              (no ring)

@: attractive, very quick
A: very small, no large weapons, unfitting armour, see invisible, speed 3
a: Renounce Religion


You were on level 1 of the Dungeon.
You worshipped Vehumet.
Vehumet was aware of your devotion.
You visited 1 branch of the dungeon, and saw 1 of its levels.

You collected 20 gold pieces.

Inventory:

Hand Weapons
 a - a +1 dagger (weapon)
 e - a +0 dagger
Missiles
 g - 18 sling bullets
 i - 43 stones
Armour
 b - a +0 robe (worn)
 f - a +0 kite shield
Scrolls
 j - a scroll of teleportation {unknown}
Potions
 c - a potion of degeneration


   Skills:
 + Level 1.3 Short Blades
 + Level 3.0 Dodging
 + Level 5.1 Stealth
 + Level 2.9 Spellcasting
 + Level 3.8 Hexes


You had 5 spell levels left.
You knew the following spells:

 Your Spells              Type           Power      Damage    Failure   Level
a - Corona                Hex            14%        N/A       4%          1

Your spell library contained the following spells:

 Spells                   Type           Power      Damage    Failure   Level
 Freeze                   Ice            8%         1d3       21%         1
 Confusing Touch          Hex            13%        N/A       12%         3
 Tukima's Dance           Hex            13%        N/A       12%         3
 Ensorcelled Hibernation  Hex/Ice        14%        N/A       14%         2
 Dazzling Flash           Conj/Hex       14%        N/A       28%         3


Dungeon Overview and Level Annotations

Branches:
Dungeon (1/15)

Altars:
Vehumet


Innate Abilities, Weirdness & Mutations

You are very small and have problems with some larger weapons.
You are too small for most types of armour.
You have supernaturally acute eyesight. (SInv)
You cover ground extremely quickly. (Speed+++)


Message History

The jackal completely misses you. The jackal closely misses you.
Your Dodging skill increases to level 3!
You hit the kobold.
The kobold is moderately wounded.
The jackal bites you.
* * * LOW HITPOINT WARNING * * *
The kobold misses you.
The jackal bites you but does no damage.
The jackal barely misses you.
You see here a bat corpse.
Aiming: Corona (safe; 4% risk of failure)
Press: ? - help, Q - select action, (/) - cycle Shift-Dir - straight line, f - jackal
Aim: a jackal (chance to affect: 67%)
The jackal is outlined in light.
It was a potion of attraction.
You feel attractive to monsters. The kobold is pulled toward you!
The kobold is pulled toward you! The kobold is pulled toward you!
The kobold is pulled toward you! The kobold is pulled toward you!
The jackal is pulled toward you! The kobold is pulled toward you!
The jackal stops glowing.
The kobold is pulled toward you! The jackal is pulled toward you!
The kobold is pulled toward you! The jackal bites you.
* * * LOW HITPOINT WARNING * * *
You see here a stone.
i - 43 stones (gained 1)
The jackal barely misses you. The jackal closely misses you.
The jackal is pulled toward you! The kobold is pulled toward you!
The kobold is pulled toward you!
You hit the jackal.
The jackal is almost dead.
The jackal misses you.
You hit the jackal but do no damage.
The jackal is almost dead.
The jackal misses you. The kobold hits you with a +0 whip.
You die...

#.#.#####.# #.#.......#
#.#.#####.# ######
#.#.#####.##### .....#
#.#...........# ..####
#.........###.#### ..##
#.###########.#... ...####
####.#####.........##
......#######...@................
8...8...>.......hK..........#..##
._........######.##....#....#..#
8.8...##..#...##.##....#.......##
......##..'...'..................
8.8...###.#...##.###...#....#....
......# #.######.###...#....#....
......# #.######.......#.....#.##
......###.........###........#.#


You could see a jackal and a kobold.

Vanquished Creatures
  A dart slug (D:1)
  A ball python (D:1)
  4 bats (D:1)
  A giant cockroach (D:1)
  3 hobgoblins (D:1)
  3 jackals (D:1)
  A kobold (D:1)
14 creatures vanquished.

Notes
Turn   | Place    | Note
-------+----------+-------------------------------------------
     0 | D:1      | theupmachine the Spriggan Enchanter began the quest for the
                  | Orb.
     0 | D:1      | Reached XP level 1. HP: 9/9 MP: 5/5
   310 | D:1      | Reached skill level 5 in Stealth
   506 | D:1      | Reached XP level 2. HP: 9/13 MP: 6/6
   600 | D:1      | Found a faded altar of an unknown god.
   616 | D:1      | Became a worshipper of Vehumet
   616 | D:1      | Reached * piety under Vehumet
   616 | D:1      | Offered knowledge of Freeze by Vehumet.
  1094 | D:1      | Slain by a kobold

Illustrated notes

Levels and vault maps discovered:
D:1:      dpeg_arrival_refuge, layout_basic, ebering_ecumenical_altar_ruins

Skill      XL: |  1  2 |
---------------+-------+-----
Stealth        | 5 |  5.1
Dodging        | 3 |  3.0
Short Blades   | |  1.3
Spellcasting   | |  2.9
Hexes          | |  3.8

Action                   || total
-------------------------++-------
Melee: Dagger            ||    94
 Cast: Corona            ||     5
  Use: Potion            ||     4
Armor: Robe              ||    17
Dodge: Dodged            ||   125
